 Dungeon Sprint DCSS version 0.17-a0-1748-g222fba8 (webtiles) character file.

1690 KambridgeKobold the Black Belt (level 9, -6/94 HPs)
             Began as a Hill Orc Monk on Sept 1, 2015.
             Was an Elder of Okawaru.
             Mangled by a demonic crawler (10 damage)
             ... in the Dungeon (Sprint I: "Red Sonja").
             The game lasted 00:04:07 (814 turns).

KambridgeKobold the Black Belt (Hill Orc Monk)       Turns: 814, Time: 00:04:09

Health: -6/94      AC:  2    Str: 14    XL:     9   Next: 2%
Magic:  7/13       EV: 17    Int: 10    God:    Okawaru [****..]
Gold:   335        SH:  0    Dex: 16    Spells: 0 memorised, 8 levels left

rFire  . . .     SeeInvis +     d - +1 dagger (holy)
rCold  . . .     Clarity  .     a - +0 robe
rNeg   . . .     SustAt   .     (no shield)
rPois  .         Gourm    .     (no helmet)
rElec  .         Spirit   .     (no cloak)
rCorr  .         Warding  .     (no gloves)
rMut   .         NoTele   +     (no boots)
MR     .....                    (no amulet)
Stlth  +++.......               (no ring)
                                (no ring)

@: heroism, flying, not resistant to hostile enchantments, fairly stealthy
A: see invisible, MP-powered wands
a: Heroism, Renounce Religion


You were in the Dungeon.
You worshipped Okawaru.
Okawaru was greatly pleased with you.
You were hungry.

You visited 1 branch You collected 405 gold pieces.
You spent 70 gold pieces at shops.

Inventory:

Hand weapons
 d - a +1 dagger of holy wrath (weapon)
Armour
 a - a +0 robe (worn)
Scrolls
 h - a scroll of blinking
 i - a scroll of enchant armour {unknown}
Potions
 c - a potion of curing
 f - 2 potions of magic
Comestibles
 b - 2 bread rations


   Skills:
 - Level 13.7(18.7) Fighting
 + Level 4.3(9.3) Short Blades
 - Level 2.4(7.4) Dodging
 - Level 1.5(6.5) Stealth
 + Level 15.5(20.5) Unarmed Combat
 + Level 5.6 Invocations


You had 8 spell levels left.
You didn't know any spells.

Dungeon Overview and Level Annotations

Branches:
Dungeon (1/1)

Altars:
Cheibriados
Dithmenos
Elyvilon
Fedhas
Gozag
Kikubaaqudgha
Makhleb
Nemelex Xobeh
Okawaru
Qazlal
Ru
Sif Muna
Trog
Vehumet
Xom
Yredelemnul
Zin
The Shining One
Jiyva

Shops:
D %


Innate Abilities, Weirdness & Mutations

You have supernaturally acute eyesight.
You expend magic power (3 MP) to strengthen your wands.


Message History

The demonic crawler hits you but does no damage.
The demonic crawler completely misses you. x2
You hit the demonic crawler.
The demonic crawler convulses.
The demonic crawler is lightly wounded.
The demonic crawler hits you!
* * * LOW HITPOINT WARNING * * *
The demonic crawler hits you!
* * * LOW HITPOINT WARNING * * *
The demonic crawler hits you.
* * * LOW HITPOINT WARNING * * *
You hit the demonic crawler but do no damage.
Drink which item? (? for menu, Esc to quit)
It was a potion of flight.
You feel very buoyant.
You fly up into the air.
The demonic crawler completely misses you.
The demonic crawler hits you!
* * * LOW HITPOINT WARNING * * *
The demonic crawler hits you!
You die...

##################
.#.)'..#__#..')..#
.'..#..'..'..#[..##+#
'#####'#__####..@ss.#
.#...#)####§ #####..+
##..##.#§§≈§c +##
_##'#..+≈≈§§
..'..._#≈§§.c
_##_.#'##+## _###+#.#
## ###


You could see 2 demonic crawlers.

Vanquished Creatures
  2 kobold demonologists (D)
  2 demonic crawlers (D)
  A slime creature (D)
  Sigmund (D)
  A yak (D)
  An ogre (D)
  A jelly (D)
  Ijyb (D)
  A giant eyeball (D)
11 creatures vanquished.

Notes
Turn   | Place    | Note
--------------------------------------------------------------
     0 | D        | KambridgeKobold the Hill Orc Monk began the quest for the Orb.
     0 | D        | Reached XP level 1. HP: 19/19 MP: 1/1
     1 | D        | Noticed Ijyb
    24 | D        | Killed Ijyb
    24 | D        | Reached skill level 5 in Fighting
    24 | D        | Reached skill level 6 in Unarmed Combat
    24 | D        | Reached XP level 2. HP: 23/29 MP: 2/2
    24 | D        | Reached XP level 3. HP: 28/36 MP: 3/3
    28 | D        | Noticed an ogre
    33 | D        | Killed an ogre
    33 | D        | Reached skill level 7 in Fighting
    33 | D        | Reached skill level 9 in Unarmed Combat
    33 | D        | Reached XP level 4. HP: 33/47 MP: 4/4
    76 | D        | Noticed Sigmund
    87 | D        | Killed Sigmund
    87 | D        | Reached skill level 11 in Unarmed Combat
    87 | D        | Reached XP level 5. HP: 44/57 MP: 5/5
    87 | D        | Reached XP level 6. HP: 49/64 MP: 6/6
   161 | D        | Found a deep blue altar of Sif Muna.
   162 | D        | Noticed a jelly
   163 | D        | Found a radiant altar of Vehumet.
   167 | D        | Killed a jelly
   167 | D        | Reached skill level 12 in Unarmed Combat
   220 | D        | Found Zaluw's Food Emporium.
   220 | D        | Found a white marble altar of Elyvilon.
   220 | D        | Found a stormy altar of Qazlal.
   220 | D        | Found a basalt altar of Yredelemnul.
   220 | D        | Found an iron altar of Okawaru.
   220 | D        | Found a sparkling altar of Nemelex Xobeh.
   220 | D        | Found a shimmering altar of Xom.
   220 | D        | Found an ancient bone altar of Kikubaaqudgha.
   220 | D        | Noticed a yak
   231 | D        | Killed a yak
   231 | D        | Reached skill level 10 in Fighting
   231 | D        | Reached skill level 13 in Unarmed Combat
   232 | D        | Found a burning altar of Makhleb.
   232 | D        | Found a sacrificial altar of Ru.
   232 | D        | Found a glowing golden altar of the Shining One.
   232 | D        | Found an opulent altar of Gozag.
   232 | D        | Found a glowing silver altar of Zin.
   235 | D        | Found a bloodstained altar of Trog.
   239 | D        | Bought a bread ration for 70 gold pieces
   241 | D        | Became a worshipper of Warmaster Okawaru
   241 | D        | Acquired Okawaru's first power
   253 | D        | Noticed a centaur warrior
   253 | D        | Noticed a centaur warrior
   401 | D        | Found a snail-covered altar of Cheibriados.
   401 | D        | Found a viscous altar of Jiyva.
   401 | D        | Found a shadowy altar of Dithmenos.
   401 | D        | Found a blossoming altar of Fedhas.
   401 | D        | Noticed a slime creature
   409 | D        | Killed a slime creature
   409 | D        | Reached skill level 14 in Unarmed Combat
   409 | D        | Reached XP level 7. HP: 39/74 MP: 7/7
   576 | D        | Gained mutation: You expend magic power (3 MP) to strengthen your wands. [potion of mutation]
   576 | D        | Gained mutation: You have supernaturally acute eyesight. [potion of mutation]
   577 | D        | Noticed a kobold demonologist
   578 | D        | Noticed a rust devil
   578 | D        | Noticed a kobold demonologist
   582 | D        | Noticed an ice devil
   584 | D        | Killed a rust devil
   587 | D        | Killed a kobold demonologist
   587 | D        | Reached XP level 8. HP: 85/85 MP: 8/8
   587 | D        | Paralysed by a giant eyeball for 3 turns
   593 | D        | Killed a kobold demonologist
   800 | D        | Noticed a demonic crawler
   800 | D        | Noticed a demonic crawler
   800 | D        | Noticed a demonic crawler
   800 | D        | Noticed a demonic crawler
   802 | D        | Killed a demonic crawler
   802 | D        | Reached skill level 15 in Unarmed Combat
   810 | D        | Killed a demonic crawler
   810 | D        | Reached skill level 5 in Invocations
   810 | D        | Reached XP level 9. HP: 33/94 MP: 6/13
   814 | D        | HP: 4/94 [demonic crawler (10)]
   814 | D        | Mangled by a demonic crawler

Vault maps used:
D:        dungeon_sprint_1

Action                   |  1- 3 |  4- 6 |  7- 9 || total
-------------------------+-------+-------+-------++-------
Melee: Unarmed           |    24 |    29 |    12 ||    65
       Dagger            |       |       |    11 ||    11
Invok: Heroism           |       |       |     1 ||     1
  Use: Potion            |     2 |       |     3 ||     5
 Stab: Sleeping          |     1 |     1 |     2 ||     4
